[Event "Titled Tuesday Blitz April 25 Late 2023"]
[White "Baches Garcia, Guillermo"]
[Black "Coelho, Ramyres Santana"]
[WhiteFideId "2209764"]
[BlackFideId "2120690"]
[WhiteElo "2334"]
[BlackElo "1888"]
[Result "1-0"]
[Round "02"]
[TimeControl "180+2"]
[Date "2023.04.25"]
[WhiteClock "0:00:10"]
[BlackClock "0:00:11"]

1. e4 c5 2. Nf3 d6 3. d4 cxd4 4. Nxd4 Nf6 5. Nc3 a6 6. Be3 e6 7. g4 b5 8. g5 Nfd7 9. a3 Bb7 10. Bg2 Nc6 11. Nb3 Be7 12. h4 Nde5 13. Nd2 Na5 14. f4 Nec4 15. Nxc4 Nxc4 16. Bc1 Rc8 17. h5 Qb6 18. Qd3 O-O 19. b3 Na5 20. Bb2 Rfd8 21. g6 fxg6 22. hxg6 h6 23. Bh3 d5 24. exd5 Bxd5 25. Nxd5 Rxd5 26. Qe4 Rc6 27. Rd1 Rxd1+ 28. Kxd1 Qd8+ 29. Ke2 Qd5 30. Qxd5 exd5 31. Kd3 Rxg6 32. Re1 Rg3+ 33. Re3 Rxe3+ 34. Kxe3 Kf7 35. Bc8 d4+ 36. Bxd4 Bxa3 37. Bxa6 b4 38. Bb5 Nb7 39. Be5 Nd8 40. Bc4+ Kg6 41. Bd5 Bc1+ 42. Kf3 Bd2 43. Bc7 Nf7 44. Ke4 Nh8 45. f5+ Kg5 46. Be5 Bc3 47. Bxc3 bxc3 48. b4 g6 49. fxg6 Nxg6 50. b5 Ne7 51. b6 Nc8 52. b7 Nd6+ 53. Kd4 Nxb7 54. Bxb7 h5 55. Kxc3 Kf4 56. Kd4 h4 57. c4 h3 58. c5 h2 59. Bd5 Kf5 60. c6 Kf6 61. Kc5 h1=Q 62. Bxh1 Ke7 63. Kb6 Kd8 64. c7+ Kc8 65. Bb7+ Kd7 66. c8=Q+ Kd6 67. Qc1 Ke7 68. Ba6 Kd6 69. Qc5+ Kd7 70. Bb5+ Kd8 71. Be2 Ke8 72. Qc7 Kf8 73. Qd7 Kg8 74. Kc6 Kh8 75. Kd6 Kg8 76. Ke6 Kh8 77. Kf6 Kg8 78. Qg7# 1-0


[Site "https://www.chess.com"]

[Event "Titled Tuesday Blitz April 25 Late 2023"]
[White "Pinto, Daniel"]
[Black "Dylag, Emilia"]
[WhiteFideId "3303144"]
[BlackFideId "21805172"]
[WhiteElo "2145"]
[BlackElo "1878"]
[Result "0-1"]
[Round "02"]
[TimeControl "180+2"]
[Date "2023.04.25"]
[WhiteClock "0:00:14"]
[BlackClock "0:01:14"]

1. e4 e5 2. Nf3 Nc6 3. Bb5 a6 4. Ba4 Nf6 5. O-O b5 6. Bb3 Be7 7. d3 O-O 8. Bd2 d6 9. a3 h6 10. h3 Be6 11. Nc3 d5 12. exd5 Nxd5 13. Re1 Nxc3 14. Bxc3 Bxb3 15. cxb3 Qd5 16. Nxe5 Nxe5 17. Rxe5 Qd6 18. Re3 Rad8 19. Qf3 Bg5 20. Re5 Qxd3 21. Qxd3 Rxd3 22. Rc5 Bf4 23. g3 Bd6 24. Rc6 a5 25. Bxa5 Rxb3 26. Bc3 Re8 27. Kf1 b4 28. axb4 Bxb4 29. Rxc7 Bxc3 30. bxc3 Rb2 31. Raa7 Rf8 32. c4 Rc2 33. Kg2 g6 34. Kf3 Rc3+ 35. Ke4 Rc2 36. f3 Rd2 37. Ke3 Rd1 38. Ke2 Rc1 39. Kd2 Rf1 40. Ra3 Rd8+ 41. Ke2 Rfd1 42. c5 R1d2+ 43. Ke3 Rc2 44. Rd3 Re8+ 45. Kd4 Rd8+ 46. Ke4 Re2+ 47. Kf4 Rxd3 0-1


[Site "https://www.chess.com"]

[Event "Titled Tuesday Blitz April 25 Late 2023"]
[White "Lorenzo De La Riva, Lazaro"]
[Black "Broca Jimenez, Fernando"]
[WhiteFideId "2268809"]
[BlackFideId "5104742"]
[WhiteElo "2294"]
[BlackElo "2062"]
[Result "1-0"]
[Round "02"]
[TimeControl "180+2"]
[Date "2023.04.25"]
[WhiteClock "0:00:35"]
[BlackClock "0:00:02"]

1. c4 g6 2. d4 Bg7 3. e4 c5 4. d5 e6 5. Nc3 exd5 6. exd5 d6 7. Bd3 Nf6 8. h3 O-O 9. Nf3 Re8+ 10. Be3 Nbd7 11. O-O Ne5 12. Nxe5 Rxe5 13. Bf4 Re8 14. Qd2 a6 15. a4 Qc7 16. g4 Nd7 17. Ne4 Ne5 18. Be2 Bd7 19. Bg5 Nxc4 20. Qf4 f5 21. gxf5 Bxf5 22. Ng3 Nxb2 23. Nxf5 Rxe2 24. Nxg7 Qxg7 25. Qxd6 Rae8 26. Rab1 Qf8 27. Qxf8+ Rxf8 28. d6 Nc4 29. d7 Rd2 30. Rfd1 Rxd1+ 31. Rxd1 1-0


[Site "https://www.chess.com"]

[Event "Titled Tuesday Blitz April 25 Late 2023"]
[White "Shapiro, Viktor"]
[Black "Uddin, Mubassar"]
[WhiteFideId "4175700"]
[BlackFideId "2093944"]
[WhiteElo "2152"]
[BlackElo "2051"]
[Result "1-0"]
[Round "02"]
[TimeControl "180+2"]
[Date "2023.04.25"]
[WhiteClock "0:01:03"]
[BlackClock "0:00:05"]

1. c4 e6 2. Nc3 d5 3. d4 c5 4. e3 cxd4 5. exd4 Nf6 6. Nf3 Be7 7. Bf4 O-O 8. Be2 dxc4 9. Bxc4 Nc6 10. O-O b6 11. d5 Na5 12. d6 Nxc4 13. dxe7 Qxe7 14. Qe2 Na5 15. Rfd1 Rd8 16. Rxd8+ Qxd8 17. Rd1 Qe7 18. Bd6 Qe8 19. Be5 Nd7 20. Qb5 f6 21. Bg3 Kf7 22. Ne4 Qe7 23. Nd6+ Kg8 24. b4 a6 25. Qa4 Nb7 26. Nxb7 Bxb7 27. Qxd7 Qxd7 28. Rxd7 Bd5 29. a3 Rc8 30. Rc7 Rd8 31. h4 h5 32. Bf4 Kh7 33. Be3 Kh8 34. Bxb6 Rb8 35. Bc5 a5 36. Nd4 axb4 37. axb4 Ra8 38. f3 Ra1+ 39. Kh2 Ra2 40. Kg3 Kh7 41. b5 Kg6 42. b6 Rb2 43. Bf8 e5 44. Rxg7+ Kh6 45. Nf5# 1-0


[Site "https://www.chess.com"]

[Event "Titled Tuesday Blitz April 25 Late 2023"]
[White "Florianovitz, Derlei Alex"]
[Black "Debray, Christopher"]
[WhiteFideId "2114178"]
[BlackFideId "630810"]
[WhiteElo "1953"]
[BlackElo "2340"]
[Result "1/2-1/2"]
[Round "02"]
[TimeControl "180+2"]
[Date "2023.04.25"]
[WhiteClock "0:01:45"]
[BlackClock "0:01:25"]

1. e4 e5 2. Nf3 Nf6 3. Nxe5 d6 4. Nd3 Nxe4 5. Nf4 Be7 6. d4 O-O 7. Bd3 d5 8. O-O c6 9. c4 Nf6 10. Nc3 dxc4 11. Bxc4 Bg4 12. Qd3 Nbd7 13. a4 Nb6 14. Bb3 c5 15. dxc5 Bxc5 16. Qg3 Bf5 17. a5 Nbd7 18. Nfd5 Bg6 19. Bg5 Qb8 20. Bf4 Qd8 1/2-1/2


[Site "https://www.chess.com"]

[Event "Titled Tuesday Blitz April 25 Late 2023"]
[White "Seletsky, Grigory"]
[Black "Dahlgren, James Allen"]
[WhiteFideId "14112191"]
[BlackFideId "22256873"]
[WhiteElo "2490"]
[BlackElo "1824"]
[Result "1-0"]
[Round "02"]
[TimeControl "180+2"]
[Date "2023.04.25"]
[WhiteClock "0:01:58"]
[BlackClock "0:01:58"]

1. e4 e6 2. d3 c5 3. Nd2 d5 4. g3 Nf6 5. Bg2 Be7 6. f4 O-O 7. Ngf3 Nc6 8. e5 Nd7 9. c3 b5 10. O-O b4 11. c4 a5 12. a4 Nb6 13. b3 Bb7 14. Bb2 d4 15. Ne4 f5 16. exf6 gxf6 17. Qe2 Qd7 18. Rae1 Rae8 19. Bh3 Nd8 20. Nh4 f5 21. Ng5 Bxg5 22. fxg5 Nf7 23. Bc1 Nd6 24. Qe5 Qc6 25. Bg2 Qc7 26. Bxb7 Qxb7 27. Qxd6 1-0


[Site "https://www.chess.com"]

[Event "Titled Tuesday Blitz April 25 Late 2023"]
[White "Womacka, Mathias"]
[Black "Ankerst, Mihael"]
[WhiteFideId "4611390"]
[BlackFideId "14602369"]
[WhiteElo "2377"]
[BlackElo "2370"]
[Result "1-0"]
[Round "02"]
[TimeControl "180+2"]
[Date "2023.04.25"]
[WhiteClock "0:00:18"]
[BlackClock "0:00:13"]

1. e4 c5 2. Nf3 Qb6 3. Nc3 Nc6 4. Nd5 Qa5 5. c3 e6 6. Ne3 Be7 7. Nc4 Qc7 8. d4 d5 9. exd5 exd5 10. Ne3 Nf6 11. dxc5 Be6 12. b4 O-O 13. Bd3 Rad8 14. O-O Rfe8 15. a3 b6 16. cxb6 Qxb6 17. Bb2 h6 18. Re1 Bd6 19. Nf5 Bf4 20. N3d4 Ne5 21. Bb5 Nc4 22. Bxe8 Nxb2 23. Qc2 Nc4 24. Ba4 Qc7 25. g3 Be5 26. Bb3 Ne4 27. Nxe6 fxe6 28. Nd4 Qb6 29. Bxc4 Bxd4 30. cxd4 Qxd4 31. Bb3 Rf8 32. Re2 Ng5 33. Rd1 Qg4 34. Re3 Nf3+ 35. Kg2 Nh4+ 36. Kh1 Nf3 37. Qe2 Qh5 38. h4 Qg4 39. Rxf3 Rxf3 40. Re1 Kh8 41. Bd1 Qh3+ 42. Kg1 Rf6 43. Qe5 Kg8 44. Qb8+ Rf8 45. Qxa7 Qf5 46. Qe3 Rf6 47. Be2 Qc2 48. Rc1 Qb2 49. Rc8+ Kf7 50. Bh5+ Ke7 51. Qc5+ Kd7 52. Rc7+ Kd8 53. Qe7# 1-0


[Site "https://www.chess.com"]

[Event "Titled Tuesday Blitz April 25 Late 2023"]
[White "Skytte, Rasmus"]
[Black "Estrada Nieto, Julian"]
[WhiteFideId "1404210"]
[BlackFideId "5101018"]
[WhiteElo "2418"]
[BlackElo "2161"]
[Result "0-1"]
[Round "02"]
[TimeControl "180+2"]
[Date "2023.04.25"]
[WhiteClock "0:02:00"]
[BlackClock "0:01:52"]

1. e4 e5 2. Nf3 Nc6 3. Bc4 Bc5 4. O-O Nf6 5. d3 d6 6. h3 a6 7. Bg5 h6 8. Bh4 g5 9. Bg3 g4 10. hxg4 Bxg4 11. Nbd2 Rg8 12. a3 Ba7 13. c3 Nh5 14. Bh2 Qf6 15. b4 Ne7 16. a4 Ng6 17. b5 Nh4 18. bxa6 Nxf3+ 19. Nxf3 Bxf3 20. axb7 Rxg2+ 21. Kh1 Rxh2+ 22. Kxh2 Qh4+ 23. Kg1 Qh1# 0-1


[Site "https://www.chess.com"]

[Event "Titled Tuesday Blitz April 25 Late 2023"]
[White "Osmonbekov, Talaibek"]
[Black "Le Goff, Ronan"]
[WhiteFideId "2017253"]
[BlackFideId "612073"]
[WhiteElo "2135"]
[BlackElo "2275"]
[Result "0-1"]
[Round "02"]
[TimeControl "180+2"]
[Date "2023.04.25"]
[WhiteClock "0:00:50"]
[BlackClock "0:02:07"]

1. d4 Nf6 2. Bf4 g6 3. Nc3 Bg7 4. e4 d6 5. Qd2 c6 6. O-O-O b5 7. f3 Qa5 8. Kb1 Be6 9. d5 cxd5 10. exd5 Bd7 11. Nxb5 Qb6 12. Qd4 Qb7 13. Nxd6+ exd6 14. Re1+ Kd8 15. Bxd6 Ne8 16. Be7+ Kc8 17. Qc4+ Nc7 18. c3 Bb5 19. Qg4+ f5 20. Qb4 Bxf1 21. Qxb7+ Kxb7 22. d6 Bxg2 23. dxc7 Nc6 24. Bd6 Bxh1 25. Nh3 Bxf3 26. Ng5 Be4+ 27. Ka1 Rac8 28. Ne6 Be5 29. Nc5+ Kb6 30. Nxe4 fxe4 31. Bxe5 Nxe5 32. Rxe4 Rhe8 0-1


[Site "https://www.chess.com"]

[Event "Titled Tuesday Blitz April 25 Late 2023"]
[White "Schmidt, Harald"]
[Black "D`Arruda, Ricardo D."]
[WhiteFideId "4648358"]
[BlackFideId "100692"]
[WhiteElo "2347"]
[BlackElo "2271"]
[Result "1-0"]
[Round "02"]
[TimeControl "180+2"]
[Date "2023.04.25"]
[WhiteClock "0:00:04"]
[BlackClock "0:00:14"]

1. e4 c5 2. d4 cxd4 3. c3 dxc3 4. Nxc3 e6 5. Nf3 Bb4 6. Bd3 Ne7 7. O-O Nbc6 8. Qe2 O-O 9. Rd1 d6 10. h4 Bd7 11. h5 h6 12. Bf4 Qa5 13. e5 d5 14. Nb5 Nc8 15. a3 Be7 16. b4 Qd8 17. Qe3 f5 18. Rac1 a6 19. Nd6 Nxd6 20. exd6 Bf6 21. Ne5 Nxe5 22. Bxe5 Rc8 23. Rc7 Rxc7 24. dxc7 Qe7 25. Rc1 Rc8 26. Qd4 Bxe5 27. Qxe5 Kf8 28. g3 Bc6 29. Bxf5 Rxc7 30. Bxe6 Ke8 31. Re1 Bd7 32. Bf7+ Kxf7 33. Qxe7+ Kg8 34. Qd8+ Kh7 35. Qxc7 g5 36. Re7+ Kg8 37. Qxd7 Kf8 38. Qd8# 1-0


[Site "https://www.chess.com"]

[Event "Titled Tuesday Blitz April 25 Late 2023"]
[White "Narva, Triin"]
[Black "Fernandez Siles, Luis"]
[WhiteFideId "4502680"]
[BlackFideId "2209420"]
[WhiteElo "1944"]
[BlackElo "2195"]
[Result "0-1"]
[Round "02"]
[TimeControl "180+2"]
[Date "2023.04.25"]
[WhiteClock "0:00:07"]
[BlackClock "0:00:16"]

1. e4 c5 2. Nf3 Nc6 3. Bb5 g6 4. O-O Bg7 5. c3 Nf6 6. Re1 O-O 7. d4 d5 8. exd5 Qxd5 9. c4 Qd6 10. d5 Nd4 11. Nxd4 cxd4 12. Nd2 e5 13. dxe6 Bxe6 14. Nf3 Rfd8 15. Bg5 a6 16. Ba4 Bxc4 17. Ne5 b5 18. Bc2 h6 19. Bf4 Qb6 20. Bd3 Rac8 21. b3 Bxd3 22. Nxd3 Nd5 23. Bg3 Rc3 24. Rc1 a5 25. Qf3 Nb4 26. Re7 Bf6 27. Rb7 Qe6 28. Re1 Rxd3 29. Rxe6 Rxf3 30. gxf3 fxe6 31. Rxb5 d3 32. Rb6 d2 33. Rxe6 d1=Q+ 34. Kg2 Bg7 35. Rxg6 Kh7 36. Rg4 Rg8 37. f4 Nd3 38. f5 Qxg4 39. h3 Ne1+ 40. Kf1 Qd1 41. a4 Nd3+ 42. Kg2 Be5 43. h4 Bxg3 44. fxg3 Qe2+ 0-1


[Site "https://www.chess.com"]

[Event "Titled Tuesday Blitz April 25 Late 2023"]
[White "Hartikainen, Jarmo"]
[Black "Flynn, Jacob"]
[WhiteFideId "503134"]
[BlackFideId "2509393"]
[WhiteElo "2108"]
[BlackElo "2053"]
[Result "0-1"]
[Round "02"]
[TimeControl "180+2"]
[Date "2023.04.25"]
[WhiteClock "0:00:11"]
[BlackClock "0:01:42"]

1. e4 e5 2. Nf3 Nc6 3. Bb5 a6 4. Ba4 d6 5. c3 Bd7 6. O-O g6 7. d4 Bg7 8. dxe5 Nxe5 9. Nxe5 Bxe5 10. f4 Bg7 11. Be3 Ne7 12. Nd2 O-O 13. Bxd7 Qxd7 14. Qf3 f5 15. Rfe1 Rae8 16. Bf2 fxe4 17. Qxe4 Nc6 18. Qd5+ Qf7 19. Qxf7+ Kxf7 20. Rxe8 Rxe8 21. Re1 Rxe1+ 22. Bxe1 d5 23. Bf2 d4 24. cxd4 Nxd4 25. Kf1 Ne6 26. b3 Nxf4 27. Bg3 Nd5 28. Ne4 Bd4 29. Ng5+ Kf6 30. Nxh7+ Kf5 31. h4 Be3 32. Nf8 Nf6 33. Ke2 Bc5 34. Bxc7 Bxf8 0-1


[Site "https://www.chess.com"]

[Event "Titled Tuesday Blitz April 25 Late 2023"]
[White "ArtemDyachuk"]
[Black "yoriiiis"]
[WhiteElo "2440"]
[BlackElo "2127"]
[Result "1-0"]
[Round "02"]
[TimeControl "180+2"]
[Date "2023.04.25"]
[WhiteClock "0:02:26"]
[BlackClock "0:01:58"]

1. Nf3 d5 2. e3 Nf6 3. c4 c6 4. b3 Bf5 5. Bb2 e6 6. Nc3 Bd6 7. Be2 h6 8. O-O O-O 9. Re1 Nbd7 10. d3 Rc8 11. e4 dxe4 12. dxe4 Nxe4 13. Nxe4 Bxh2+ 14. Nxh2 Bxe4 15. Qd4 Nf6 16. Qxd8 Rfxd8 17. Bxf6 gxf6 18. Ng4 Kg7 19. Rad1 Bc2 20. Rxd8 Rxd8 21. Ne3 Be4 22. Rd1 Rxd1+ 23. Nxd1 Bb1 24. Nc3 Bc2 25. Kf1 Kg6 26. Ke1 Kf5 27. Kd2 1-0


[Site "https://www.chess.com"]

[Event "Titled Tuesday Blitz April 25 Late 2023"]
[White "Delorme, Alban"]
[Black "Sliwicki, Damian"]
[WhiteFideId "623636"]
[BlackFideId "1127128"]
[WhiteElo "2196"]
[BlackElo "2030"]
[Result "1-0"]
[Round "02"]
[TimeControl "180+2"]
[Date "2023.04.25"]
[WhiteClock "0:02:13"]
[BlackClock "0:00:04"]

1. e4 c5 2. Nf3 g6 3. d4 cxd4 4. Qxd4 Nf6 5. e5 Nc6 6. Qh4 Nd5 7. Bc4 Nb6 8. Bb3 d5 9. exd6 Qxd6 10. Nc3 Bg7 11. Bh6 O-O 12. Ng5 Qe5+ 13. Ne2 Qxb2 14. O-O Bxh6 15. Qxh6 Qg7 16. Qh4 Bf5 17. Ng3 Bd7 18. Rad1 Rad8 19. N3e4 h6 20. Nxf7 Rxf7 21. Nc5 Be8 22. Rxd8 Nxd8 23. Qxe7 1-0


[Site "https://www.chess.com"]

[Event "Titled Tuesday Blitz April 25 Late 2023"]
[White "Prydun, Andriy"]
[Black "Govender, Kaedan"]
[WhiteFideId "14145898"]
[BlackFideId "14322072"]
[WhiteElo "2164"]
[BlackElo "1288"]
[Result "1-0"]
[Round "02"]
[TimeControl "180+2"]
[Date "2023.04.25"]
[WhiteClock "0:00:52"]
[BlackClock "0:00:34"]

1. e4 c5 2. Nf3 a6 3. c3 e6 4. d4 d5 5. e5 Nc6 6. Bd3 Qb6 7. O-O cxd4 8. cxd4 Nge7 9. Nc3 Bd7 10. Ne2 Nf5 11. Bb1 Be7 12. a3 f6 13. b4 fxe5 14. dxe5 O-O 15. Bb2 Nh4 16. Ned4 Nxd4 17. Nxd4 Qc7 18. Qd3 Ng6 19. f4 Rxf4 20. Rxf4 Nxf4 21. Qxh7+ Kf7 22. Bg6+ Nxg6 23. Rf1+ Ke8 24. Qxg6+ Kd8 25. Nxe6+ Bxe6 26. Qxe6 Qd7 27. Qg8+ Qe8 28. Qxd5+ Kc7 29. Rc1+ Kb8 30. e6 Ka7 31. Bd4+ b6 32. Rc7+ Kb8 33. Qb7# 1-0


[Site "https://www.chess.com"]

[Event "Titled Tuesday Blitz April 25 Late 2023"]
[White "Gonzalez Zamora, Juan Carlos"]
[Black "Aqib Javaid Butt"]
[WhiteFideId "3507548"]
[BlackFideId "7801262"]
[WhiteElo "2535"]
[BlackElo "1659"]
[Result "1-0"]
[Round "02"]
[TimeControl "180+2"]
[Date "2023.04.25"]
[WhiteClock "0:00:08"]
[BlackClock "0:00:04"]

1. e4 c6 2. d4 d5 3. exd5 cxd5 4. c4 Nc6 5. Nc3 Nf6 6. Nf3 Bg4 7. cxd5 Nxd5 8. Qb3 Bxf3 9. gxf3 e6 10. Qxb7 Nxd4 11. Bb5+ Nxb5 12. Qc6+ Ke7 13. Qxb5 Qd7 14. Nxd5+ Qxd5 15. Qxd5 exd5 16. Be3 Ke6 17. Ke2 Bd6 18. h3 Rhb8 19. Rab1 a5 20. Rhc1 Rc8 21. Kd3 Be5 22. b3 d4 23. Bxd4 Bxd4 24. Kxd4 Rd8+ 25. Ke3 Rd5 26. Rc6+ Kd7 27. Rc4 f5 28. Rb2 g5 29. Rd4 Re8+ 30. Kd3 Kd6 31. Rc2 Re1 32. Rxd5+ Kxd5 33. Rc7 Rd1+ 34. Ke2 Ra1 35. a4 Ra3 36. Rb7 h5 37. Rb5+ Ke6 38. Kf1 h4 39. Kg2 Kf6 40. f4 g4 41. Rb6+ Kg7 42. Rb5 Kf6 43. Rxa5 Rxb3 44. hxg4 fxg4 45. Rg5 g3 46. fxg3 hxg3 47. a5 Ra3 48. Kh3 Kf7 49. Kg2 Kf6 50. Rb5 Ke6 51. Kh3 Kf6 52. Rg5 Ke6 53. Rxg3 Rxa5 54. Kg4 Kf6 55. Rh3 Ra1 56. Rh6+ Kg7 57. Rc6 Rg1+ 58. Kf5 Ra1 59. Rc7+ Kf8 60. Kg6 Rg1+ 61. Kf6 Ke8 62. f5 Ra1 63. Rc8+ Kd7 64. Rc2 Ra6+ 65. Kg7 Ke8 66. Re2+ Kd7 67. f6 Ra1 68. Rg2 Rf1 69. f7 Ke7 70. Re2+ 1-0


[Site "https://www.chess.com"]

[Event "Titled Tuesday Blitz April 25 Late 2023"]
[White "Rangel, Daniel"]
[Black "Lutz, Igor Oscar"]
[WhiteFideId "2124475"]
[BlackFideId "2110806"]
[WhiteElo "2256"]
[BlackElo "1969"]
[Result "1-0"]
[Round "02"]
[TimeControl "180+2"]
[Date "2023.04.25"]
[WhiteClock "0:00:30"]
[BlackClock "0:00:15"]

1. e4 c5 2. Nf3 Nc6 3. d3 d6 4. g3 e6 5. Bg2 Nge7 6. O-O g6 7. d4 cxd4 8. Nxd4 Bg7 9. Nb5 d5 10. exd5 exd5 11. N1c3 a6 12. Na3 Be6 13. Bg5 O-O 14. Qd2 b5 15. Nd1 b4 16. Nb1 Rc8 17. a3 Qb6 18. axb4 Nf5 19. c3 h6 20. Be3 Nxe3 21. Nxe3 d4 22. Nd5 Qb5 23. Nf4 Bb3 24. Ra3 dxc3 25. bxc3 Bc4 26. Re1 Rcd8 27. Qe3 g5 28. Nh5 Bh8 29. Ra1 Rd3 30. Qc1 Rfd8 31. Na3 Qb8 32. Nxc4 Rxc3 33. Qb1 Rxc4 34. Rxa6 Nxb4 35. Rxh6 Rcd4 36. Qh7+ Kf8 37. Qxh8# 1-0


[Site "https://www.chess.com"]

[Event "Titled Tuesday Blitz April 25 Late 2023"]
[White "Fuentes Godoy, Lilia Ivonne"]
[Black "Rottenwohrer Suarez, Juan"]
[WhiteFideId "5104130"]
[BlackFideId "32068182"]
[WhiteElo "2096"]
[BlackElo "2174"]
[Result "0-1"]
[Round "02"]
[TimeControl "180+2"]
[Date "2023.04.25"]
[WhiteClock "0:00:01"]
[BlackClock "0:00:13"]

1. d4 Nf6 2. c4 g6 3. d5 Bg7 4. Nc3 O-O 5. e4 e6 6. Nf3 exd5 7. exd5 d6 8. Be2 Bf5 9. O-O Ne4 10. Nxe4 Bxe4 11. Bd3 Re8 12. Bxe4 Rxe4 13. Qd3 Re8 14. Bd2 Bxb2 15. Rab1 Bg7 16. Rxb7 Na6 17. Be3 Nc5 18. Bxc5 dxc5 19. h3 Qd6 20. Rfb1 a5 21. R7b5 a4 22. Qa3 h6 23. Qxc5 Qf4 24. Rb7 Rac8 25. Ra7 Bf8 26. Qc6 a3 27. Rd1 Re2 28. Ra4 Rxa2 29. c5 Qf5 30. d6 cxd6 31. Qd5 Qxd5 32. Rxd5 Rxc5 33. Rd1 Rcc2 34. Nd4 Rxf2 35. Ra8 Rxg2+ 36. Kf1 Raf2+ 37. Ke1 Kg7 0-1


[Site "https://www.chess.com"]

[Event "Titled Tuesday Blitz April 25 Late 2023"]
[White "Rozen, Eytan"]
[Black "Nakamura, Hikaru"]
[WhiteFideId "2816750"]
[BlackFideId "2016192"]
[WhiteElo "2451"]
[BlackElo "2885"]
[Result "0-1"]
[Round "03"]
[TimeControl "180+2"]
[Date "2023.04.25"]
[WhiteClock "0:00:31"]
[BlackClock "0:01:04"]

1. e4 g6 2. d4 Bg7 3. Nc3 a6 4. f4 c6 5. Nf3 d5 6. e5 Bg4 7. Be2 e6 8. O-O h5 9. Ng5 Bxe2 10. Nxe2 Ne7 11. b3 Nf5 12. Ba3 Nd7 13. Qd3 Rc8 14. c4 Bh6 15. cxd5 cxd5 16. Rac1 Bxg5 17. Rxc8 Qxc8 18. Rc1 Qd8 19. fxg5 Nb8 20. Nf4 Kd7 21. Rc5 Qxg5 22. g3 Rc8 23. Qc3 Nc6 24. b4 Nfxd4 25. b5 axb5 26. Kg2 Qxe5 27. Qd3 Qe4+ 28. Qxe4 dxe4 29. Bb2 Ra8 30. a3 b4 31. Bxd4 Nxd4 32. axb4 Ra2+ 33. Kf1 e3 34. Rc3 Rf2+ 0-1


[Site "https://www.chess.com"]

[Event "Titled Tuesday Blitz April 25 Late 2023"]
[White "Nihal Sarin"]
[Black "Hambleton, Aman"]
[WhiteFideId "25092340"]
[BlackFideId "2606577"]
[WhiteElo "2689"]
[BlackElo "2511"]
[Result "1-0"]
[Round "03"]
[TimeControl "180+2"]
[Date "2023.04.25"]
[WhiteClock "0:01:36"]
[BlackClock "0:00:02"]

1. b4 e5 2. Bb2 d6 3. g3 g6 4. Bg2 Bg7 5. c4 Nf6 6. d3 O-O 7. Nf3 Re8 8. O-O c6 9. Nbd2 a5 10. b5 a4 11. Rc1 cxb5 12. cxb5 Bd7 13. b6 Qxb6 14. Nc4 Qa6 15. Ba3 Bf8 16. Rb1 b5 17. Ne3 Nc6 18. Nd2 Rab8 19. Ne4 Nxe4 20. Bxe4 b4 21. Bxc6 Bxc6 22. Bxb4 Kg7 23. Qd2 Bd7 24. Nd5 Be6 25. Nc7 Qc8 26. Nxe8+ Qxe8 27. f4 Bd5 28. e4 Bc6 29. fxe5 dxe5 30. Bxf8+ Qxf8 31. Qc3 Rxb1 32. Rxb1 f6 33. Qxc6 1-0


[Site "https://www.chess.com"]

[Event "Titled Tuesday Blitz April 25 Late 2023"]
[White "Vachier-Lagrave, Maxime"]
[Black "Preotu, Razvan"]
[WhiteFideId "623539"]
[BlackFideId "2613280"]
[WhiteElo "2740"]
[BlackElo "2407"]
[Result "1-0"]
[Round "03"]
[TimeControl "180+2"]
[Date "2023.04.25"]
[WhiteClock "0:00:29"]
[BlackClock "0:00:06"]

1. Nf3 c5 2. b3 Nc6 3. Bb2 Nf6 4. e3 g6 5. Bxf6 exf6 6. c4 d5 7. cxd5 Qxd5 8. Nc3 Qd6 9. Bb5 Be7 10. Rc1 a6 11. Ne4 Qd5 12. Bxc6+ Qxc6 13. Nxc5 Bxc5 14. b4 Qe6 15. bxc5 Qxa2 16. O-O Be6 17. Nd4 O-O 18. Qf3 Bd5 19. Qxf6 Qxd2 20. h4 Qa5 21. Rfd1 Qd8 22. Qf4 Qb8 23. Qg5 Qd8 24. Qf4 Qb8 25. Qg5 Qd8 26. Qe5 Re8 27. Qg3 Qb8 28. f4 Be4 29. h5 Qc7 30. h6 Qe7 31. Kf2 a5 32. Rc3 a4 33. Ra1 Rec8 34. f5 Rxc5 35. fxg6 Qf6+ 36. Kg1 Rxc3 37. gxf7+ Kh8 38. Rf1 Qxh6 39. Qe5+ Qg7 40. f8=Q+ Rxf8 41. Rxf8# 1-0


[Site "https://www.chess.com"]

[Event "Titled Tuesday Blitz April 25 Late 2023"]
[White "Djordjevic, Vuk"]
[Black "Caruana, Fabiano"]
[WhiteFideId "902098"]
[BlackFideId "2020009"]
[WhiteElo "2452"]
[BlackElo "2837"]
[Result "1-0"]
[Round "03"]
[TimeControl "180+2"]
[Date "2023.04.25"]
[WhiteClock "0:00:06"]
[BlackClock "0:00:06"]

1. d4 Nf6 2. Bg5 e6 3. e4 h6 4. Bxf6 Qxf6 5. c3 d6 6. Bd3 e5 7. Ne2 Nc6 8. O-O g5 9. Na3 a6 10. Nc2 h5 11. Ne3 Ne7 12. Ng3 g4 13. Ngf5 Bxf5 14. exf5 exd4 15. cxd4 Bh6 16. Qb3 O-O-O 17. Qa4 d5 18. Rac1 Kb8 19. Rc3 Rhg8 20. Rfc1 g3 21. hxg3 Bxe3 22. fxe3 Rxg3 23. Rxc7 Rdg8 24. Bf1 Nxf5 25. Qd7 Nd6 26. R7c6 R3g6 27. Qc7+ Ka8 28. Rb6 Qd8 29. Qxd8+ Rxd8 30. Bd3 Ka7 31. Bxg6 Kxb6 32. Bd3 Re8 33. Kf2 Re6 34. Rh1 Rf6+ 35. Ke2 Rh6 36. Kd2 h4 37. Ke2 Kc7 38. Kf3 Rf6+ 39. Ke2 Rh6 40. g3 h3 41. Kf3 Kd7 42. Kg4 h2 43. Kf3 Ke7 44. Kg2 Re6 45. Kf3 Rh6 46. g4 Rh3+ 47. Kf4 f6 48. Bf1 Rh8 49. Bg2 Ke6 50. b3 Nb5 51. Kg3 Nc3 52. a4 Ne2+ 53. Kf2 Nc3 54. Bf3 b5 55. axb5 axb5 56. Kg3 b4 57. Rxh2 Rxh2 58. Kxh2 Na2 59. Kg3 Nc1 60. Bd1 Na2 61. Kf3 Nc3 62. Bc2 Ke7 63. Bd3 Ke6 64. Kf2 Ke7 65. Bf5 Kd6 66. Ke1 Ke7 67. Kd2 Kf7 68. Kd3 Ke7 69. e4 dxe4+ 70. Bxe4 Kd6 71. Bf3 Na2 72. Kc4 Ke6 73. Be4 Kd6 74. Bb1 Nc3 75. Bf5 Na2 76. Be4 Nc3 77. Bd3 Na2 78. Bf5 Kc6 79. Kd3 Kd6 80. Be4 Ke6 81. Bh7 Kd6 82. Bg8 Nc3 83. Ke3 Na2 84. Kf4 Nc3 85. Kf5 Ke7 86. Bc4 Nd1 87. Ke4 Kd6 88. Bf7 Nc3+ 89. Kd3 Na2 90. Bg6 Ke6 91. Be4 Kd6 92. Bf3 Nc3 93. Kc4 Na2 94. d5 Ke5 95. Kc5 Nc1 96. Bd1 Nd3+ 97. Kc6 Kd4 98. d6 Ne5+ 99. Kc7 Kc3 100. d7 Nf7 101. d8=Q Nxd8 102. Kxd8 Kd2 103. Bf3 Ke3 104. Bd5 Kf4 105. Be6 Ke5 106. Ke7 Kf4 107. Kxf6 1-0


[Site "https://www.chess.com"]

[Event "Titled Tuesday Blitz April 25 Late 2023"]
[White "Firouzja, Alireza"]
[Black "Rustemov, Alexander"]
[WhiteFideId "12573981"]
[BlackFideId "4119002"]
[WhiteElo "2904"]
[BlackElo "2525"]
[Result "1-0"]
[Round "03"]
[TimeControl "180+2"]
[Date "2023.04.25"]
[WhiteClock "0:00:06"]
[BlackClock "0:00:02"]

1. d4 d5 2. c4 e6 3. Nc3 Nf6 4. cxd5 Nxd5 5. e4 Nxc3 6. bxc3 c5 7. Rb1 cxd4 8. cxd4 Be7 9. Nf3 O-O 10. h4 b6 11. h5 h6 12. Rh3 Nd7 13. Rg3 Kh8 14. Bd3 Bb7 15. e5 Rc8 16. Be3 f5 17. Rg6 Bd5 18. Qd2 Rf7 19. Bxh6 gxh6 20. Rxe6 Nf8 21. Rxh6+ Nh7 22. e6 Rf6 23. Ne5 Bxe6 24. Bxf5 Bxf5 25. Rxf6 Bxf6 26. Nf7+ Kg7 27. Nxd8 Bxb1 28. Ne6+ Kf7 29. Nf4 Bg5 30. g3 Nf6 31. Qb2 Bxf4 32. Qb3+ Kg7 33. gxf4 Bf5 34. Qg3+ Kf7 35. h6 Rg8 36. Qa3 Kg6 37. Qxa7 Kxh6 38. Qxb6 Kg6 39. a4 Be4 40. a5 Re8 41. Kf1 Re7 42. a6 Kf7 43. a7 Re8 44. Qc7+ Re7 45. Qc4+ Kg7 46. Qc5 Re8 47. f5 Kf7 48. Qc7+ Kf8 49. Qc5+ Kf7 50. Qc7+ Kf8 51. Kg1 Ba8 52. Kh2 Kg8 53. Kg3 Kf8 54. Qc5+ Kf7 55. Qc7+ Re7 56. Qc4+ Kf8 57. Qc8+ Re8 58. Qc7 Re7 59. Qb8+ Re8 60. f3 Bd5 61. Kf2 Kf7 62. Qc7+ Kf8 63. Qc5+ Kf7 64. Qb5 Kf8 65. Kg3 Kf7 66. Kf4 Re7 67. Qc5 Re8 68. Kg5 Nh7+ 69. Kf4 Nf6 70. Qc7+ Re7 71. Qb6 Re8 72. Qc5 Re7 73. Kg3 Re8 74. Kf2 Ba8 75. Qc4+ Bd5 76. Qc1 Ba8 77. Qh6 Bd5 78. Qg6+ Ke7 79. Qg7+ Bf7 80. Qg3 Bd5 81. Qc7+ Kf8 82. Kg3 Re7 83. Qd8+ Kf7 84. Qxd5+ Nxd5 85. a8=Q Nf6 86. Qc6 Rd7 87. Kf2 Rxd4 88. Qe6+ Kg7 89. Qe7+ 1-0


[Site "https://www.chess.com"]